 Dungeon Crawl Stone Soup version 0.25.1-2-g60ff931df9 (webtiles) character file.

Game seed: 18251850515826347720

153 Drachen the Ducker (level 5, -1/38 HPs)
             Began as a Demonspawn Gladiator on Oct 20, 2020.
             Killed from afar by Sigmund (11 damage)
             ... with a puff of flame
             ... on level 2 of the Dungeon.
             The game lasted 00:04:37 (2745 turns).

Drachen the Ducker (Demonspawn Gladiator)           Turns: 2745, Time: 00:04:38

Health: -1/38      AC:  4    Str: 16    XL:     5   Next: 12%
Magic:  5/5        EV: 13    Int:  9    God:
Gold:   81         SH:  0    Dex: 14    Spells: 4/4 levels left

rFire    . . .     SeeInvis .   a - +0 trident
rCold    + . .     Gourm    .   (no shield)
rNeg     . . .     Faith    .   b - +0 leather armour
rPois    .         Spirit   .   c - +0 helmet
rElec    .         Reflect  .   (no cloak)
rCorr    .         Harm     .   (no gloves)
MR       .....                  (no boots)
Stlth    ..........             (no amulet)
HPRegen  0.12/turn              k - ring of protection from cold
MPRegen  0.09/turn              (no ring)

@: confused
A: hooves 1, powered by death 1
a: no special abilities


You were on level 2 of the Dungeon.
You were very hungry.

You visited 1 branch of the dungeon, and saw 3 of its levels.

You collected 81 gold pieces.

Inventory:

Hand Weapons
 a - a +0 trident (weapon)
Missiles
 d - 3 throwing nets (quivered)
 h - 11 javelins
Armour
 b - a +0 leather armour (worn)
 c - a +0 helmet (worn)
Jewellery
 k - a ring of protection from cold (left hand)
Wands
 l - a wand of random effects (27)
Scrolls
 g - a scroll of teleportation {unknown}
 m - a scroll of remove curse {unknown}
 n - a scroll of enchant weapon {unknown}
 o - a scroll of amnesia {unknown}
Potions
 i - 2 potions of heal wounds
Comestibles
 f - 4 rations


   Skills:
 - Level 2.0 Fighting
 + Level 3.7 Polearms
 - Level 2.0 Throwing
 + Level 2.3 Armour
 + Level 3.7 Dodging


You had 4 spell levels left.
You didn't know any spells.
Your spell library was empty.

Dungeon Overview and Level Annotations

Branches:
Dungeon (3/15)

Altars:

Annotations:
D:2 Sigmund


Innate Abilities, Weirdness & Mutations

You have large cloven feet.
You regenerate a little health from kills.


Message History

You miss something. Your kick misses something. Something hits you.
You hit something. You puncture something! Your kick misses something.
Something hits you.
You completely miss something. Something hits you but does no damage.
You hear some strange, mumbled words.
You are confused.
Something hits you!
A puff of flame appears from out of thin air!
The puff of flame hits you!
You're too confused to move!
Something hits you.
You feel less confused.
You hear some strange, mumbled words.
You are confused.
Something hits you but does no damage. Something hits you.
* * * LOW HITPOINT WARNING * * *
A puff of flame appears from out of thin air!
The puff of flame hits you!
You die...

#.##.########.#.........#
#.##.# #.#.........#
#.##.########.###########
#........................
####>....................
##...#######.####.####
#{........#.# #.# #
#...#####.#.# #.# #
#...@...#.#.####.####
#....##.#.#.......##.
#....##.#.######..##.
#...<##.#.# #..##.
#.........# #..##.
#.........# #..##. #####
##........#### #..##.
#...####.##........# #...'.
#..................###'###.


There were no monsters in sight!

Vanquished Creatures
  A hound (D:2)
  A gnoll (D:1)
  2 adders
  An ooze (D:2)
  5 worms
  3 dart slugs
  A leopard gecko (D:1)
  4 bats
  3 giant cockroaches
  15 goblins
  7 hobgoblins
  5 jackals (D:2)
  3 kobolds
  3 frilled lizards
  12 rats
66 creatures vanquished.

Notes
Turn   | Place    | Note
-------+----------+-------------------------------------------
     0 | D:1      | Drachen the Demonspawn Gladiator began the quest for the
                  | Orb.
     0 | D:1      | Reached XP level 1. HP: 16/16 MP: 1/1
   141 | D:1      | Gained mutation: You regenerate a little health from kills.
                  | [demonic ancestry]
   141 | D:1      | Reached XP level 2. HP: 20/22 MP: 2/2
   494 | D:1      | Reached skill level 1 in Armour
   519 | D:1      | Reached XP level 3. HP: 27/27 MP: 3/3
  1281 | D:2      | Reached XP level 4. HP: 30/33 MP: 4/4
  2103 | D:2      | Gained mutation: You have large cloven feet. [demonic
                  | ancestry]
  2103 | D:2      | Reached XP level 5. HP: 38/38 MP: 5/5
  2434 | D:3      | Noticed Sigmund
  2745 | D:2      | Killed from afar by Sigmund

Illustrated notes

Levels and vault maps discovered:
D:1:      mushboom_english_gardens, layout_basic, interstate_on_off,
          st_stairs_5, minmay_tetromino_s2
D:2:      layout_basic, first_ration
D:3:      layout_loops_ring, chequers_ecumenical_altar_simple_redux,
          st_stairs_14, uniq_grinder, uniq_terence, uniq_sigmund, uniq_robin,
          uniq_natasha

Skill      XL: |  1  2  3  4 |
---------------+-------------+-----
Throwing       | 2 |  2.0
Dodging        | 3 |  3.7
Polearms       | 3 |  3.7
Armour         | 1 2 |  2.3
Fighting       | |  2.0

Action                   |  1- 3 |  4- 6 || total
-------------------------+-------+-------++-------
Melee: Trident           |   124 |   109 ||   233
       Kick              |       |     5 ||     5
  Use: Scroll            |       |     2 ||     2
 Stab: Sleeping          |       |     1 ||     1
  Eat: Chunk             |     1 |     4 ||     5
Armor: Leather armour    |    19 |    30 ||    49
Dodge: Dodged            |    46 |    77 ||   123
